[Event "Team 45 45 League T64"]
[Site "Internet Chess Club"]
[Date "2015.03.08"]
[Round "1"]
[White "fireball"]
[Black "Jyzzslynggur"]
[Result "0-1"]
[WhiteElo "1618"]
[BlackElo "1743"]
[Opening "Queen's pawn"]
[ECO "A40"]
[Time "15:00:28"]
[TimeControl "2700+45"]

1. d4 e6 2. Nc3 f5 3. e4 fxe4 4. f3 Bb4 5. Qd2 Nf6 6. a3 Bxc3 7. Qxc3 Nd5 8. Qb3
exf3 9. Nxf3 h6 10. c4 Nf6 11. Qc2 Qe7 12. Ne5 Nc6 13. Ng6 Nxd4 14. Qd3 Qd6 15.
Nxh8 Kf8 16. Ng6+ Kg8 17. Be3 c5 18. O-O-O e5 19. h3 e4 20. Qc3 Nh5 21. Nh4 Ng3
22. Bxd4 cxd4 23. Rxd4 Qf4+ 24. Kb1 Nxh1 25. Qe1 Ng3 26. Nf3 Nxf1 27. Qxf1 Qf6
28. Rxe4 d6 29. Rd4 Bf5+ 30. Ka1 Rd8 31. Qd1 Qe6 32. Qe1 Qxe1+ 33. Nxe1 Re8 34.
Nf3 Re2 35. Rd2 Rxd2 36. Nxd2 Kf7 37. b4 Ke6 38. Kb2 Ke5 39. Kc3 Be4 40. g3 Bg2
41. h4 Kf5 42. Kd4 Kg4 43. Ne4 Bxe4 44. Kxe4 Kxg3 45. Kd5 Kxh4 46. Kxd6 g5 47.
Kc7 g4 48. Kxb7 g3 49. c5 g2 50. c6 g1=Q 51. c7 Qb6+ 52. Kc8 Kg5 53. Kd7 Qb7 54.
Kd8 h5 55. c8=Q Qxc8+ 56. Kxc8 h4 57. b5 h3 58. Kb7 h2 59. Kxa7 h1=Q 60. b6 Qh7+
61. b7 Qc7 62. Ka8 Qa5+ 63. Kb8 Qxa3 64. Kc7 Qe7+ 65. Kb6 Qd6+ 66. Ka7 Qc7 67.
Ka8 Qa5+ 68. Kb8 Kf6 69. Kc8 Qc5+ 70. Kb8 Ke6 71. Ka8 Qa5+ 72. Kb8 Kd6 {White
resigns} 0-1

[Event "Team 45 45 League T64"]
[Site "Internet Chess Club"]
[Date "2015.03.08"]
[Round "1"]
[White "OzymandiasVII"]
[Black "Ajolote"]
[Result "1-0"]
[WhiteElo "1698"]
[BlackElo "1699"]
[Opening "Queen's pawn game"]
[ECO "A46"]
[Time "19:40:02"]
[TimeControl "2700+45"]

1. d4 Nf6 2. Nf3 e6 3. c3 Be7 4. Bg5 h6 5. Bxf6 Bxf6 6. e4 d6 7. Bd3 e5 8. Bc4
Bg4 9. Qd3 Bxf3 10. Qxf3 Nd7 11. d5 a6 12. O-O Qe7 13. Nd2 O-O 14. Rfd1 Nc5 15.
Nf1 b5 16. Be2 g6 17. Ne3 Bg7 18. Nc2 Qh4 19. Bd3 Nxd3 20. Rxd3 a5 21. Na3 Rab8
22. b4 a4 23. Rc1 Qg5 24. Rc2 Rb7 25. Qe2 Rfb8 26. Rg3 Qe7 27. Rb2 h5 28. Nc2
Bh6 29. Qxh5 Qf8 30. Ne3 Bxe3 31. fxe3 Qg7 32. Qh4 Re8 33. Rf2 Rf8 34. Qe7 Rbb8
35. h4 Rfe8 36. Qg5 Kh8 37. h5 Rg8 38. h6 Qf8 39. Rf6 Qe7 40. Rgf3 Rbf8 41. Qh4
Kh7 42. g4 g5 43. Qf2 Kh8 44. Rxf7 Rxf7 45. Rxf7 Qd8 46. Qf5 {Black resigns} 1-0

[Event "Team 45 45 League T64"]
[Site "Internet Chess Club"]
[Date "2015.03.08"]
[Round "1"]
[White "Insan996"]
[Black "PsyMar"]
[Result "1-0"]
[WhiteElo "1558"]
[BlackElo "1248"]
[Opening "King's Indian: East Indian defense"]
[ECO "A48"]
[Time "10:10:07"]
[TimeControl "2700+45"]

1. d4 Nf6 2. Nf3 g6 3. e3 Bg7 4. b3 O-O 5. Bb2 d6 6. Be2 Nbd7 7. O-O b6 8. c4
Bb7 9. Nc3 Re8 10. Qc2 Rc8 11. Rac1 c5 12. d5 e6 13. e4 e5 14. Ra1 Nh5 15. Nb5
Nf8 16. Nxa7 Ra8 17. Nb5 Bc8 18. Bc1 f5 19. Bg5 Bf6 20. Bxf6 Nxf6 21. Bd3 {Black
resigns} 1-0

[Event "Team 45 45 League T64"]
[Site "Internet Chess Club"]
[Date "2015.03.07"]
[Round "1"]
[White "JulianVerse"]
[Black "RobertStephen"]
[Result "1/2-1/2"]
[WhiteElo "1701"]
[BlackElo "1995"]
[Opening "Ruy Lopez: modern Steinitz defense, 5.O-O"]
[ECO "C72"]
[Time "13:00:30"]
[TimeControl "2700+45"]

1. e4 e5 2. Nf3 Nc6 3. Bb5 a6 4. Ba4 d6 5. O-O Bd7 6. c3 Nf6 7. d4 Be7 8. Re1
O-O 9. Nbd2 b5 10. Bb3 exd4 11. cxd4 Bg4 12. Nf1 Bxf3 13. gxf3 Na5 14. Bc2 Re8
15. Ng3 c5 16. e5 dxe5 17. dxe5 Nd7 18. f4 Nf8 19. Qg4 Nc4 20. b3 Qa5 21. Rd1
Qc3 22. Be4 Qxa1 23. Bxa8 Rxa8 24. bxc4 bxc4 25. Nf5 Ng6 26. Ba3 Qxa2 27. Nxe7+
Nxe7 28. Bxc5 Nc6 29. f5 c3 30. f6 g6 31. Qe4 Rd8 32. Rxd8+ Nxd8 33. Kg2 c2 34.
Qa8 Qa5 35. Be3 Qc7 36. f3 h5 37. e6 fxe6 38. Bf4 Qxf4 39. Qxd8+ Kh7 40. Qe7+
Kh6 41. f7 Qxf7 42. Qxf7 c1=Q 43. Qf8+ Kg5 44. Qe7+ Kf5 45. Qf8+ Ke5 46. Qh8+
Kd5 47. Qd8+ Ke5 48. Qh8+ Kd6 49. Qd8+ Ke5 50. Qh8+ Kd5 {Game drawn by mutual
agreement} 1/2-1/2

[Event "Team 45 45 League T64"]
[Site "Internet Chess Club"]
[Date "2015.03.06"]
[Round "1"]
[White "jjimalo"]
[Black "modiglani"]
[Result "0-1"]
[WhiteElo "1925"]
[BlackElo "1919"]
[Opening "Old Indian: Tartakower (Wade) variation"]
[ECO "A04"]
[Time "11:00:11"]
[TimeControl "2700+45"]

1. Nf3 d6 2. d4 Bg4 3. g3 Bxf3 4. exf3 g6 5. Bg2 Bg7 6. f4 c6 7. O-O Nh6 8. c4
Nf5 9. d5 c5 10. Nc3 O-O 11. Re1 Nd7 12. Qd3 a6 13. Bh3 Nd4 14. Ne2 b5 15. Nxd4
bxc4 16. Qxc4 Bxd4 17. Qe2 Re8 18. Be3 Bf6 19. Rac1 Nb6 20. Qd3 Bxb2 21. Rb1 Bf6
22. f5 Na4 23. fxg6 hxg6 24. Rb3 Qc7 25. Rc1 Reb8 26. Ra3 Nb2 27. Qd2 a5 28. Rc2
a4 29. Bg5 Bxg5 30. Qxg5 Qb7 31. f4 Qb4 32. Rac3 Qd4+ 33. Kh1 Nd3 34. Bf1 Qe4+
35. Kg1 Rb1 36. f5 Qf3 37. Rc1 Rxc1 38. Rxc1 Qf2+ 39. Kh1 Nxc1 40. Qxc1 Qxf5
{White resigns} 0-1

[Event "Team 45 45 League T64"]
[Site "Internet Chess Club"]
[Date "2015.03.06"]
[Round "1"]
[White "chessjav"]
[Black "laurenpar"]
[Result "1-0"]
[WhiteElo "1939"]
[BlackElo "1950"]
[Opening "King's Indian defense"]
[ECO "E60"]
[Time "20:30:55"]
[TimeControl "2700+45"]

1. d4 Nf6 2. c4 g6 3. f3 e5 4. dxe5 Nh5 5. Nh3 Nc6 6. Bg5 Be7 7. Bxe7 Qxe7 8.
Nc3 O-O 9. g4 Ng7 10. f4 d6 11. exd6 Qh4+ 12. Nf2 Bxg4 13. dxc7 Rfe8 14. Bg2 Ne6
15. Qd6 Bxe2 16. Bxc6 bxc6 17. Kxe2 Nxc7+ 18. Kf1 Ne6 19. Re1 Nxf4 20. Rxe8+
Rxe8 21. Qxc6 Re6 22. Qf3 Nh5 23. Qg4 Qe7 24. Nd5 Qc5 25. b4 Qd6 26. Qd4 Ng7 27.
Ne4 Nf5 28. Nxd6 Nxd4 29. c5 {Black resigns} 1-0

[Event "Team 45 45 League T64"]
[Site "Internet Chess Club"]
[Date "2015.03.08"]
[Round "1"]
[White "marceloeinhorn"]
[Black "Froggy"]
[Result "1-0"]
[WhiteElo "1992"]
[BlackElo "2024"]
[Opening "Robatsch defense: three pawns attack"]
[ECO "B06"]
[Time "09:58:28"]
[TimeControl "2700+45"]

1. e4 g6 2. d4 Bg7 3. f4 c5 4. d5 d6 5. Nf3 Bg4 6. h3 Bxf3 7. Qxf3 Nd7 8. Nc3 a6
9. a4 Ngf6 10. Bc4 O-O 11. Bd2 Ne8 12. O-O Nc7 13. a5 Kh8 14. Rfe1 e6 15. Rad1
b5 16. axb6 Nxb6 17. Ba2 exd5 18. exd5 f5 19. Ne2 Qd7 20. c4 Rfe8 21. Ba5 Rab8
22. Nc3 Nba8 23. Rxe8+ Nxe8 24. b3 Bf6 25. Re1 Ng7 26. Ne2 Re8 27. g4 Re4 28.
Bb1 Re8 29. Ng3 Rxe1+ 30. Bxe1 fxg4 31. hxg4 Nb6 32. f5 gxf5 33. Nxf5 Nxf5 34.
Qxf5 Qe7 35. Qe6 Nd7 36. Bf5 Qxe6 37. dxe6 Ne5 38. Kf2 Bh4+ 39. Ke3 Bf6 40. Ke4
Kg8 41. Kd5 Be7 42. b4 Nf3 43. b5 axb5 44. cxb5 Nxe1 45. b6 Bd8 46. e7 {Black
resigns} 1-0

[Event "Team 45 45 League T64"]
[Site "Internet Chess Club"]
[Date "2015.03.06"]
[Round "1"]
[White "Chessbomb"]
[Black "alo"]
[Result "1-0"]
[WhiteElo "1829"]
[BlackElo "1868"]
[Opening "Grünfeld: exchange, classical variation"]
[ECO "D86"]
[Time "14:01:28"]
[TimeControl "2700+45"]

1. d4 Nf6 2. c4 g6 3. Nc3 d5 4. cxd5 Nxd5 5. e4 Nxc3 6. bxc3 Bg7 7. Bc4 c5 8.
Ne2 Nc6 9. Be3 cxd4 10. cxd4 Bg4 11. f3 Na5 12. Bxf7+ Kxf7 13. fxg4 Rf8 14. O-O+
Kg8 15. Rxf8+ Qxf8 16. Qa4 Nc6 17. Qb3+ Kh8 18. Qxb7 Qe8 19. Rc1 Na5 20. Qd5 Qd8
21. Qxd8+ Rxd8 22. Rc7 Rb8 23. Rxa7 Nc4 24. Bf4 e5 25. dxe5 Bf8 26. Rc7 Rb1+ 27.
Kf2 Nb2 28. Bg5 Nd3+ 29. Ke3 Nxe5 30. Bf6+ {Black resigns} 1-0

[Event "Team 45 45 League T64"]
[Site "Internet Chess Club"]
[Date "2015.03.08"]
[Round "1"]
[White "Pason"]
[Black "dmarcolino"]
[Result "0-1"]
[WhiteElo "1881"]
[BlackElo "1902"]
[Opening "English: Bremen, Smyslov system"]
[ECO "A22"]
[Time "13:36:28"]
[TimeControl "2700+45"]

1. c4 e5 2. Nc3 Nf6 3. g3 Bb4 4. Bg2 O-O 5. Nf3 e4 6. Ng5 Bxc3 7. bxc3 Re8 8.
Qc2 Qe7 9. O-O h6 10. Nh3 d6 11. Nf4 c6 12. f3 Bf5 13. fxe4 Bxe4 14. Bxe4 Nxe4
15. d3 Nf6 16. e4 Nbd7 17. Ng2 d5 18. exd5 cxd5 19. Ne3 dxc4 20. Nxc4 Qc5+ 21.
Qf2 Re2 22. Qxc5 Nxc5 23. d4 Nce4 24. Rf3 Rc8 25. Ne5 Rxc3 26. Rxc3 Nxc3 27. Ba3
Rxa2 {White resigns} 0-1

[Event "Team 45 45 League T64"]
[Site "Internet Chess Club"]
[Date "2015.03.07"]
[Round "1"]
[White "xt"]
[Black "calsal"]
[Result "1-0"]
[WhiteElo "1730"]
[BlackElo "1764"]
[Opening "Giuoco Piano"]
[ECO "C54"]
[Time "12:27:12"]
[TimeControl "2700+45"]

1. e4 e5 2. Nf3 Nc6 3. Bc4 Bc5 4. c3 Nf6 5. d4 exd4 6. cxd4 Bb4+ 7. Bd2 Nxe4 8.
Bxb4 Nxb4 9. Bxf7+ Kxf7 10. Qb3+ Kf8 11. Qxb4+ Qe7 12. Qxe7+ Kxe7 13. O-O d5 14.
Ne5 Kf6 15. f3 Nd6 16. Nc3 c6 17. b4 Be6 18. Rab1 Nb5 19. Nxb5 cxb5 20. a3 Rac8
21. Rbc1 Rxc1 22. Rxc1 Rc8 23. Rxc8 Bxc8 24. Kf2 h5 25. g4 hxg4 26. fxg4 g5 27.
Kg3 Be6 28. h4 gxh4+ 29. Kxh4 Bc8 30. Kg3 Be6 31. Kf4 Kg7 32. Kg5 Bc8 33. Nd3 b6
34. Nf4 Bb7 35. Kf5 Kf7 36. Ke5 {Black resigns} 1-0

[Event "Team 45 45 League T64"]
[Site "Internet Chess Club"]
[Date "2015.03.09"]
[Round "1"]
[White "SugarIslander"]
[Black "pkraus"]
[Result "0-1"]
[WhiteElo "1596"]
[BlackElo "1600"]
[Opening "Dutch defense, Rubinstein variation"]
[ECO "A40"]
[Time "19:00:19"]
[TimeControl "2700+45"]

1. d4 e6 2. c4 f5 3. Nc3 Nf6 4. a3 a5 5. Bf4 Be7 6. Nf3 O-O 7. g3 d6 8. Bg2 Nbd7
9. O-O Ng4 10. Qc2 e5 11. dxe5 dxe5 12. Bd2 f4 13. Ne4 Qe8 14. h3 Ngf6 15. Nxf6+
Rxf6 16. e3 fxg3 17. fxg3 Bc5 18. Rad1 Rg6 19. Kh2 e4 20. Nh4 Re6 21. b4 axb4
22. axb4 Bd6 23. c5 Be5 24. Bc3 Nf6 25. Qb3 Kh8 26. Nf5 Bxc3 27. Qxc3 Bd7 28.
Rd2 Bb5 29. Rfd1 Bd3 30. Bf1 Bxf1 31. Rxf1 Rd8 32. Rdf2 Rd3 33. Qc4 Rd7 34. Nd4
Ree7 35. b5 b6 36. cxb6 cxb6 37. Nc6 Re6 38. Qa2 Rd3 39. Qa7 Rxe3 40. Qxb6 Rb3
41. Qc5 e3 42. Re2 Rd3 43. Nd4 Re5 44. Qc6 Rxd4 45. Qxe8+ Rxe8 46. b6 Rb4 47.
Rf3 Rxb6 48. Rfxe3 Rxe3 49. Rxe3 Rb2+ 50. Kg1 Kg8 51. g4 Nd5 52. Rf3 Rc2 53. h4
Rc3 54. Rf5 Ne7 55. Rf4 Ng6 56. Rf2 Nxh4 57. Kh2 Rf3 58. Ra2 Ng6 59. Kg2 Rf4 60.
Kg3 Kf7 61. Ra6 Rf6 62. Ra7+ Ne7 63. g5 Rg6 64. Kf4 Re6 65. Kg4 Kg6 66. Kf4 Nf5
67. Ra5 Nd4 68. Rd5 Nc6 69. Rc5 Nd8 70. Ra5 Nf7 71. Rb5 Nd6 72. Ra5 Re4+ 73. Kg3
Nf7 74. Kf3 Rb4 75. Kg3 Nxg5 76. Kh2 Rb3 77. Kh1 Rb2 78. Kg1 Nf3+ 79. Kh1 Rh2#
{White checkmated} 0-1

[Event "Team 45 45 League T64"]
[Site "Internet Chess Club"]
[Date "2015.03.08"]
[Round "1"]
[White "okieman888"]
[Black "mongmong"]
[Result "1-0"]
[WhiteElo "1524"]
[BlackElo "1522"]
[Opening "French: Winawer, Alekhine gambit, Kan variation"]
[ECO "C15"]
[Time "12:02:21"]
[TimeControl "2700+45"]

1. e4 e6 2. d4 d5 3. Nc3 Bb4 4. Ne2 Nc6 5. a3 Bxc3+ 6. Nxc3 dxe4 7. d5 Nce7 8.
Qg4 Nxd5 9. Nxd5 exd5 10. Qxg7 Qf6 11. Bh6 Qxh6 12. Qxh8 Kf8 13. Qe5 c6 14. Be2
Nf6 15. O-O Kg8 16. c4 Qg6 17. Qg3 Qxg3 18. hxg3 d4 19. Rfe1 Be6 20. c5 Rd8 21.
g4 d3 22. g5 Ne8 23. Bd1 Bf5 24. g4 Bg6 25. Bb3 Nc7 26. Ba2 Nb5 27. Rad1 Nd4 28.
f4 exf3 29. Kf2 Kf8 30. Re3 Nc2 31. Rxf3 Rd4 32. Be6 Re4 33. Bf5 Bxf5 34. gxf5
Re2+ 35. Kg3 d2 36. Rf2 Re3+ 37. Kf4 Rb3 38. Rfxd2 Ne3 39. Rd8+ Kg7 40. f6+
{Black resigns} 1-0

[Event "Team 45 45 League T64"]
[Site "Internet Chess Club"]
[Date "2015.03.10"]
[Round "1"]
[White "Packerfan"]
[Black "JustinL"]
[Result "0-1"]
[WhiteElo "1795"]
[BlackElo "2004"]
[Opening "French: Winawer, advance, Bogolyubov variation"]
[ECO "C17"]
[Time "16:00:17"]
[TimeControl "2700+45"]

1. e4 e6 2. d4 d5 3. Nc3 Bb4 4. e5 c5 5. Bd2 Ne7 6. dxc5 Bxc5 7. Bb5+ Bd7 8.
Bxd7+ Nxd7 9. Nf3 Nc6 10. Qe2 Nd4 11. Nxd4 Bxd4 12. f4 a6 13. O-O-O Qc7 14. Kb1
b5 15. Qd3 Bb6 16. Be3 O-O 17. Bxb6 Qxb6 18. Ne4 Nc5 19. Nxc5 Qxc5 20. Qd4 Qc6
21. Rd3 Rfc8 22. Rc3 Qb7 23. Rxc8+ Rxc8 24. b3 a5 25. Rc1 a4 26. g4 b4 27. h4
Qb5 28. c4 bxc3 29. Rxc3 Qf1+ 30. Kb2 Qe2+ 31. Ka3 Ra8 32. Qa7 Rf8 33. bxa4 h6
34. g5 h5 35. Rb3 Qc4 36. Qe3 d4 37. Qd3 Qc5+ 38. Kb2 Rc8 39. Qd2 g6 40. Rb4 Rd8
41. Rb5 Qc6 42. Rb4 d3 43. Rb3 Qxa4 44. Rxd3 Qb5+ 45. Kc2 Qc4+ 46. Qc3 Qxa2+ 47.
Kd1 Qa4+ 48. Ke2 Qe4+ 49. Re3 Qxf4 50. Rh3 Rd4 51. Rf3 Re4+ 52. Re3 Qxh4 53.
Rxe4 Qxe4+ 54. Kf2 Qf4+ 55. Ke2 Qxg5 56. Qc8+ Kg7 57. Qc7 h4 58. Kf2 h3 59. Qc3
h2 60. Qe1 Qh4+ {White resigns} 0-1

[Event "Team 45 45 League T64"]
[Site "Internet Chess Club"]
[Date "2015.03.05"]
[Round "1"]
[White "kidcobra"]
[Black "clarinetref"]
[Result "1-0"]
[WhiteElo "1712"]
[BlackElo "1587"]
[Opening "Robatsch (modern) defense"]
[ECO "B06"]
[Time "16:09:41"]
[TimeControl "2700+45"]

1. e4 g6 2. d4 d6 3. h3 Bg7 4. Nf3 c6 5. Nc3 Nd7 6. Bf4 Qa5 7. Be2 e5 8. dxe5
dxe5 9. Bg3 Ngf6 10. O-O O-O 11. Nd2 b5 12. Nb3 Qc7 13. Bd3 Nh5 14. Bh2 a5 15.
Ne2 a4 16. Nd2 Nc5 17. g4 Nxd3 18. cxd3 Nf4 19. Nxf4 exf4 20. Rb1 g5 21. Nf3 h6
22. Qd2 Be6 23. a3 Rad8 24. Qe2 Qe7 25. Ne1 Qd7 26. f3 c5 27. Qc2 Bd4+ 28. Kg2
Bb3 29. Qe2 b4 30. Bg1 Bxg1 31. Rxg1 Qb5 32. Rc1 Rd4 33. h4 f6 34. hxg5 fxg5 35.
Rh1 Kg7 36. axb4 Qxb4 37. Nc2 Bxc2 38. Rxc2 Rb8 39. Rhc1 Rb5 40. e5 a3 41. e6
Kf8 42. Qe5 axb2 43. Qf6+ Ke8 44. Qf7+ Kd8 45. e7+ Kc8 46. e8=Q+ Rd8 47. Qfd7+
{Black resigns} 1-0

[Event "Team 45 45 League T64"]
[Site "Internet Chess Club"]
[Date "2015.03.05"]
[Round "1"]
[White "tryanything"]
[Black "KidRattler"]
[Result "1-0"]
[WhiteElo "1544"]
[BlackElo "1486"]
[Opening "Caro-Kann: exchange variation"]
[ECO "B13"]
[Time "17:53:54"]
[TimeControl "2700+45"]

1. e4 c6 2. d4 d5 3. exd5 cxd5 4. c3 e6 5. Bf4 Nc6 6. Nf3 h6 7. Nbd2 Nf6 8. Bd3
Bd6 9. Ne5 Qc7 10. Qe2 Bxe5 11. Bxe5 Nxe5 12. Qxe5 Qxe5+ 13. dxe5 Nd7 14. f4 Nb6
15. Nf3 Bd7 16. Nd4 Nc4 17. Bxc4 dxc4 18. g3 Rc8 19. h4 Bc6 20. Rh2 a6 21. a4
Bd5 22. Re2 O-O 23. Kd2 Rfd8 24. Ke3 g6 25. Rd2 Rd7 26. Rad1 Rcd8 27. Nc2 Bc6
28. Rxd7 Rxd7 29. Rxd7 Bxd7 30. a5 Kf8 31. Kd4 Ke7 32. Kc5 Kd8 33. Kb6 Bc6 34.
Nb4 Be4 35. Kc5 Bd3 36. Kd6 Be2 37. Nc2 Bd3 38. Na3 Be2 39. Kc5 Kc7 40. Nxc4
Bxc4 41. Kxc4 Kc6 42. b4 b6 43. axb6 Kxb6 44. Kb3 a5 45. bxa5+ Kxa5 46. c4 Kb6
47. Kb4 Kc6 48. c5 Kc7 49. Kb5 Kb7 50. c6+ Kc7 51. Kc5 Kc8 52. Kd6 Kd8 53. c7+
Kc8 54. Ke7 Kxc7 55. Kxf7 Kd7 56. Kxg6 Ke7 57. Kxh6 Kf7 58. Kg5 Kg7 59. h5 Kh7
60. Kf6 Kh6 61. g4 Kh7 62. Kxe6 Kg8 63. Ke7 Kg7 64. f5 Kg8 65. f6 Kh8 66. f7 Kh7
67. g5 {Black resigns} 1-0

[Event "Team 45 45 League T64"]
[Site "Internet Chess Club"]
[Date "2015.03.06"]
[Round "1"]
[White "JRussell2"]
[Black "PostMike"]
[Result "0-1"]
[WhiteElo "1602"]
[BlackElo "1457"]
[Opening "Nimzo-Indian: classical variation"]
[ECO "E32"]
[Time "15:00:51"]
[TimeControl "2700+45"]

1. d4 Nf6 2. c4 e6 3. Nc3 Bb4 4. Qc2 O-O 5. e3 b6 6. Nf3 Bb7 7. Be2 Ne4 8. O-O
Nxc3 9. bxc3 Be7 10. e4 c5 11. d5 exd5 12. exd5 d6 13. Bd3 h6 14. Bh7+ Kh8 15.
Bf5 Nd7 16. Bxd7 Qxd7 17. Be3 Ba6 18. Nd2 f5 19. f4 Rfe8 20. Rf3 Bf6 21. a4 Re7
22. a5 b5 23. cxb5 Bxb5 24. c4 Bxa1 25. cxb5 Rae8 26. Nf1 g6 27. Qb1 Bf6 28. b6
Qb7 29. Bf2 axb6 30. Rb3 Qxd5 31. Rxb6 Ra7 32. Rb8 Qe6 33. Rxe8+ Qxe8 34. Qb6
Qd7 35. Ne3 Bd8 36. Qb2+ Kh7 37. Nd5 Rxa5 38. Be1 Rb5 39. Qc2 Qe6 40. Qd2 Ba5
41. Nc3 Rb3 42. Qf2 Bxc3 43. Bxc3 Rxc3 44. h3 Qe3 {White resigns} 0-1

[Event "Team 45 45 League T64"]
[Site "Internet Chess Club"]
[Date "2015.03.04"]
[Round "1"]
[White "QuieroAprender"]
[Black "Hal2001"]
[Result "1/2-1/2"]
[WhiteElo "1658"]
[BlackElo "1568"]
[Opening "Robatsch (modern) defense"]
[ECO "B06"]
[Time "19:00:22"]
[TimeControl "2700+45"]

1. e4 g6 2. c3 c5 3. Bc4 Bg7 4. Qb3 e6 5. a4 Ne7 6. Nf3 O-O 7. O-O d5 8. exd5
exd5 9. Be2 Nbc6 10. d3 Qc7 11. h3 Bf5 12. Na3 a6 13. Bg5 Rfe8 14. Rad1 Na5 15.
Qa2 Nec6 16. Rfe1 d4 17. Bd2 Be6 18. c4 Re7 19. Bg5 f6 20. Bd2 Rae8 21. Bf1 Qb6
22. b3 Qxb3 23. Qxb3 Nxb3 24. Rb1 Nxd2 25. Nxd2 Bf5 26. Rxe7 Rxe7 27. g4 Bc8 28.
Ne4 f5 29. Nd6 Rc7 30. Nxc8 Rxc8 31. Rxb7 fxg4 32. hxg4 Nb4 33. Be2 {Game drawn
by mutual agreement} 1/2-1/2

[Event "Team 45 45 League T64"]
[Site "Internet Chess Club"]
[Date "2015.03.08"]
[Round "1"]
[White "ChessMaine"]
[Black "JOFRAN"]
[Result "0-1"]
[WhiteElo "1461"]
[BlackElo "1490"]
[Opening "Queen's pawn game"]
[ECO "A45"]
[Time "17:01:52"]
[TimeControl "2700+45"]

1. d4 Nf6 2. e3 g6 3. Nf3 Bg7 4. c4 d6 5. Nc3 O-O 6. Bd3 Nbd7 7. O-O e5 8. dxe5
dxe5 9. e4 c6 10. Bg5 Qc7 11. Qd2 Nc5 12. Bc2 Bg4 13. Qe3 b6 14. h3 Bxf3 15.
Qxf3 Ne6 16. Be3 Rad8 17. Ne2 Rd7 18. Rfd1 Rfd8 19. Rxd7 Rxd7 20. Rd1 Qd8 21.
Rxd7 Qxd7 22. b4 Qd6 23. a3 Nd4 24. Nxd4 exd4 25. Bf4 Qe6 26. Qd3 c5 27. f3 Nd7
28. Ba4 Ne5 29. Bxe5 Qxe5 30. Qd2 Bf6 31. Bc2 Bg5 32. Qe2 Be3+ 33. Kh1 Qg3 34.
bxc5 bxc5 35. Bd3 f6 36. a4 Kg7 37. Bc2 h5 38. Qf1 a5 39. Bd3 Bf4 40. Qg1 g5 41.
Be2 Kh6 42. Bd3 g4 43. Be2 gxh3 44. Bd3 hxg2+ 45. Qxg2 Qe1+ 46. Qg1 Qh4+ 47. Kg2
Qg3+ 48. Kf1 Qxf3+ 49. Qf2 Qxd3+ 50. Ke1 Qxe4+ 51. Kf1 Qe3 52. Kg1 Qxf2+ 53.
Kxf2 Kg5 54. Kf3 f5 {White resigns} 0-1

[Event "Team 45 45 League T64"]
[Site "Internet Chess Club"]
[Date "2015.03.09"]
[Round "1"]
[White "drsigmund1"]
[Black "PaulRichard"]
[Result "1-0"]
[WhiteElo "1504"]
[BlackElo "1523"]
[Opening "Queen's pawn game"]
[ECO "A46"]
[Time "20:00:23"]
[TimeControl "2700+45"]

1. d4 Nf6 2. Nf3 e6 3. Bf4 c5 4. c3 b6 5. e3 Be7 6. h3 Bb7 7. Nbd2 cxd4 8. cxd4
O-O 9. Bd3 d6 10. O-O Re8 11. Rc1 Nbd7 12. Bb5 a6 13. Bc6 Bxc6 14. Rxc6 Nb8 15.
Rc1 Qd7 16. Nc4 Nd5 17. Bh2 b5 18. Na5 Nb4 19. a3 N4c6 20. Nxc6 Nxc6 21. d5 Nd8
22. dxe6 Nxe6 23. Ne5 Qb7 24. Nc6 Rac8 25. Nxe7+ Qxe7 26. Rxc8 Rxc8 27. Qxd6
Qxd6 28. Bxd6 Rc2 29. Be5 f6 30. Bc3 Nc5 31. Rd1 Ne4 32. Rd8+ Kf7 33. Bb4 Rxb2
34. Ra8 Rb1+ 35. Kh2 Nxf2 36. Rxa6 Nd3 37. Rb6 Rb3 38. Rxb5 Ne5 39. a4 Rxe3 40.
Bc5 Nf3+ 41. gxf3 {Black resigns} 1-0

[Event "Team 45 45 League T64"]
[Site "Internet Chess Club"]
[Date "2015.03.08"]
[Round "1"]
[White "Conjurer"]
[Black "Leon13"]
[Result "0-1"]
[WhiteElo "1175"]
[BlackElo "1312"]
[Opening "English: symmetrical variation"]
[ECO "A36"]
[Time "13:01:54"]
[TimeControl "2700+45"]

1. c4 c5 2. Nc3 Nc6 3. g3 e5 4. Bg2 Be7 5. Nf3 Nf6 6. O-O O-O 7. a3 d6 8. b4
cxb4 9. axb4 Nxb4 10. Ba3 Nc6 11. Nd5 Nxd5 12. cxd5 Nd4 13. Nxd4 exd4 14. Qa4
Bd7 15. Qxd4 Bf6 16. Qa4 Bxa4 {White resigns} 0-1

[Event "Team 45 45 League T64"]
[Site "Internet Chess Club"]
[Date "2015.03.09"]
[Round "1"]
[White "GregoryViking"]
[Black "Bible-Believer"]
[Result "1/2-1/2"]
[WhiteElo "1578"]
[BlackElo "1518"]
[Opening "Sicilian: Kan, 5.Nc3"]
[ECO "B43"]
[Time "14:00:20"]
[TimeControl "2700+45"]

1. e4 c5 2. Nf3 e6 3. d4 cxd4 4. Nxd4 a6 5. Nc3 Qc7 6. g3 Nf6 7. Bg2 Bb4 8. Bd2
Nc6 9. Nxc6 dxc6 10. O-O e5 11. f4 Bg4 12. Qe1 Bd6 13. f5 Qb6+ 14. Kh1 O-O-O 15.
h3 Bh5 16. g4 Nxg4 17. hxg4 Bxg4 18. Qg3 h5 19. Rab1 f6 20. Bh3 Rdg8 21. Bxg4
hxg4+ 22. Kg2 g6 23. Rh1 gxf5 24. Rxh8 Rxh8 25. exf5 Qd8 26. Ne4 Bc7 27. Be3 Rh3
28. Qxg4 Rxe3 29. Rd1 {Game drawn by mutual agreement} 1/2-1/2

[Event "Team 45 45 League T64"]
[Site "Internet Chess Club"]
[Date "2015.03.06"]
[Round "1"]
[White "kingsrook"]
[Black "GideonL"]
[Result "0-1"]
[WhiteElo "1323"]
[BlackElo "1645"]
[Opening "QGD: exchange, positional line"]
[ECO "D35"]
[Time "10:00:19"]
[TimeControl "2700+45"]

1. d4 Nf6 2. c4 d5 3. Nc3 e6 4. cxd5 exd5 5. Bg5 Be7 6. e3 O-O 7. Bd3 Be6 8. Nf3
h6 9. Bh4 Nbd7 10. h3 Bb4 11. O-O c6 12. Qb3 Bxc3 13. bxc3 Qb6 14. Rab1 Qxb3 15.
axb3 Rfe8 16. Nd2 Nh7 17. c4 f6 18. Ra1 a6 19. Rfb1 Ng5 20. Bg3 Nf7 21. e4 dxe4
22. Nxe4 Bf5 23. f3 Ng5 24. Nxf6+ Nxf6 25. Bxf5 Re3 26. Kf2 Rae8 27. Re1 Rxb3
28. Rxe8+ Nxe8 29. h4 Rb2+ 30. Kg1 Nf7 31. Re1 Nf6 32. Be6 Rd2 33. Bf2 g6 34.
Kf1 Kg7 35. Re2 Rd3 36. Ke1 Ra3 37. Rb2 b5 38. cxb5 axb5 39. Ke2 Nh5 40. Kf1 Nf4
41. Rb1 Nxe6 {White resigns} 0-1

[Event "Team 45 45 League T64"]
[Site "Internet Chess Club"]
[Date "2015.03.10"]
[Round "1"]
[White "pkraus"]
[Black "parrot9"]
[Result "1/2-1/2"]
[WhiteElo "1604"]
[BlackElo "1696"]
[Opening "Sicilian: Alapin's variation (2.c3)"]
[ECO "B22"]
[Time "14:32:17"]
[TimeControl "2700+45"]

1. e4 c5 2. c3 d5 3. exd5 Qxd5 4. d4 e6 5. Nf3 Nf6 6. Be3 cxd4 7. cxd4 Bb4+ 8.
Nc3 Qa5 9. Qb3 O-O 10. Be2 a6 11. O-O Rd8 12. Bg5 Be7 13. Qc2 b5 14. Ne4 Nbd7
15. Ne5 Nxe5 16. dxe5 Nd5 17. Bxe7 Nxe7 18. Ng5 Ng6 19. Bd3 Bb7 20. Bxg6 hxg6
21. Rfd1 Rxd1+ 22. Rxd1 Rd8 23. Rxd8+ Qxd8 24. Nf3 Bxf3 25. gxf3 Qg5+ 26. Kf1
Qxe5 27. Qc8+ Kh7 28. Qxa6 Qxb2 29. Qb6 Qe5 30. Kg2 Qg5+ 31. Kf1 Qc1+ 32. Kg2
Qg5+ 33. Kf1 Qf5 34. Kg2 Qb1 35. a4 Qf5 36. Qxb5 e5 37. a5 Qg5+ 38. Kf1 Qc1+ 39.
Kg2 Qg5+ 40. Kf1 Qc1+ {Game drawn by mutual agreement} 1/2-1/2

[Event "Team 45 45 League T64"]
[Site "Internet Chess Club"]
[Date "2015.03.07"]
[Round "1"]
[White "Invicta-Knight"]
[Black "BrianWood"]
[Result "1-0"]
[WhiteElo "1596"]
[BlackElo "1510"]
[Opening "Center game: Paulsen attack"]
[ECO "C22"]
[Time "12:04:53"]
[TimeControl "2700+45"]

1. e4 e5 2. d4 exd4 3. Qxd4 Nc6 4. Qe3 d6 5. Nc3 Nf6 6. Bd2 Be7 7. O-O-O O-O 8.
f4 Bg4 9. Nf3 Qc8 10. f5 Re8 11. h3 {Black resigns} 1-0